[Event "Titled Tuesday Blitz March 14 Late 2023"]
[White "Sakun, Volodymyr"]
[Black "Fernandez Garcia, Gumersindo"]
[WhiteFideId "14114062"]
[BlackFideId "24516740"]
[WhiteElo "2331"]
[BlackElo "2093"]
[Result "1-0"]
[Round "08"]
[TimeControl "180+2"]
[Date "2023.03.14"]
[WhiteClock "0:00:19"]
[BlackClock "0:00:03"]

1. d4 Nf6 2. c4 d6 3. g3 e5 4. Nc3 exd4 5. Qxd4 Nc6 6. Qd2 Be6 7. Nd5 Ne5 8. b3 c6 9. Nxf6+ Qxf6 10. Bb2 Qd8 11. e4 Be7 12. f4 Ng4 13. Bxg7 Bf6 14. Bxh8 Bxh8 15. Rd1 Qb6 16. Nh3 Ne3 17. c5 Qxc5 18. Rc1 Qb6 19. Ng5 O-O-O 20. Nxe6 fxe6 21. Bh3 Kb8 22. Ke2 Bd4 23. Bxe6 Re8 24. f5 d5 25. exd5 Nxd5 26. Kf3 Be3 27. Qe2 Bxc1 28. Rxc1 Nc7 29. Re1 Qb4 30. Kg2 Qd6 31. Qe5 Qd2+ 32. Re2 Qd8 33. Qf4 Qf6 34. Qd6 a6 35. Rd2 Re7 36. a4 Ka7 37. Re2 Nxe6 38. fxe6 h5 39. Qe5 Qg6 40. Qc5+ Ka8 41. Qxe7 Qd3 42. Qf8+ Ka7 43. Qf2+ b6 44. e7 1-0


[Site "https://www.chess.com"]

[Event "Titled Tuesday Blitz March 14 Late 2023"]
[White "Osmak, Yuliia"]
[Black "Saveliev, Alexei"]
[WhiteFideId "14101602"]
[BlackFideId "24128546"]
[WhiteElo "2271"]
[BlackElo "2271"]
[Result "1-0"]
[Round "08"]
[TimeControl "180+2"]
[Date "2023.03.14"]
[WhiteClock "0:00:03"]
[BlackClock "0:00:01"]

1. d4 g6 2. e4 Bg7 3. f4 d6 4. Nf3 Bg4 5. c3 Nf6 6. Bd3 O-O 7. O-O c5 8. Be3 cxd4 9. cxd4 Nc6 10. Nc3 e5 11. fxe5 dxe5 12. d5 Nd4 13. Qd2 Bxf3 14. gxf3 Nh5 15. Kh1 Qh4 16. Qg2 Nf4 17. Bxf4 exf4 18. Rae1 Be5 19. Nb5 Nxb5 20. Bxb5 Rac8 21. Rc1 Qe7 22. Qd2 Rc5 23. Be2 Rfc8 24. a3 Qc7 25. Rxc5 Qxc5 26. b4 Qb6 27. Rc1 Rxc1+ 28. Qxc1 Qf2 29. Qf1 Qe3 30. a4 Qb3 31. Qc1 Qxb4 32. Qc4 Qe1+ 33. Kg2 Kg7 34. Bf1 Qd2+ 35. Qe2 Qd4 36. Qc4 Qb2+ 37. Qe2 Qa3 38. Qc2 h5 39. Be2 a6 40. Bf1 Qe3 41. Qe2 Qb3 42. Qc4 Qb2+ 43. Qe2 Qa3 44. Qc2 Bd4 45. Qd2 Qa1 46. Qxf4 Qb2+ 47. Kh3 Qf2 48. Bg2 1-0


[Site "https://www.chess.com"]

[Event "Titled Tuesday Blitz March 14 Late 2023"]
[White "Priasmoro, Novendra"]
[Black "Golubev, Mikhail"]
[WhiteFideId "7105029"]
[BlackFideId "14100983"]
[WhiteElo "2412"]
[BlackElo "2374"]
[Result "1-0"]
[Round "08"]
[TimeControl "180+2"]
[Date "2023.03.14"]
[WhiteClock "0:00:35"]
[BlackClock "0:00:01"]

1. e4 c5 2. Nf3 d6 3. d4 Nf6 4. Nc3 cxd4 5. Nxd4 g6 6. Be3 Bg7 7. f3 a6 8. Qd2 h5 9. O-O-O Nbd7 10. Nb3 Qc7 11. Kb1 O-O 12. h4 Ne5 13. Bh6 Be6 14. Nd4 Nc4 15. Bxc4 Qxc4 16. Bxg7 Kxg7 17. b3 Qc5 18. Nxe6+ fxe6 19. Qd4 Qxd4 20. Rxd4 Rac8 21. Ne2 Nd7 22. Rd2 b5 23. Nd4 Kf7 24. g4 hxg4 25. fxg4 e5 26. Nf3 Kg8 27. Ng5 Rf4 28. Rg2 Nf6 29. h5 Rxg4 30. Rxg4 Nxg4 31. hxg6 Kg7 32. Rg1 Nf6 33. Ne6+ Kg8 34. Rh1 Nxe4 35. Rh7 Re8 36. Nc7 Rf8 37. Rxe7 Rf1+ 38. Kb2 Nc5 39. Nd5 e4 40. Rh7 Rf2 41. Ne7+ Kf8 42. g7+ Kf7 43. g8=Q+ 1-0


[Site "https://www.chess.com"]

[Event "Titled Tuesday Blitz March 14 Late 2023"]
[White "Thomforde-Toates, Noah"]
[Black "Urbina Perez, Juan Antonio"]
[WhiteFideId "30951992"]
[BlackFideId "2217368"]
[WhiteElo "2627"]
[BlackElo "2197"]
[Result "1-0"]
[Round "08"]
[TimeControl "180+2"]
[Date "2023.03.14"]
[WhiteClock "0:00:11"]
[BlackClock "0:00:01"]

1. c4 c6 2. Nf3 d5 3. b3 Nf6 4. Bb2 Bf5 5. e3 e6 6. Nc3 Nbd7 7. Be2 Bd6 8. h3 Qe7 9. Rc1 Ba3 10. Bxa3 Qxa3 11. d4 h6 12. Qd2 Ne4 13. Nxe4 Bxe4 14. c5 O-O 15. O-O Bxf3 16. Bxf3 e5 17. dxe5 Nxc5 18. Bg4 Rfe8 19. f4 Ne4 20. Qc2 f6 21. Bf5 fxe5 22. Bxe4 dxe4 23. f5 Qd6 24. f6 Rf8 25. Qc4+ Qd5 26. fxg7 Kxg7 27. Qe2 Qe6 28. Qh5 Rxf1+ 29. Rxf1 Rf8 30. Rxf8 Kxf8 31. Qh4 Kg7 32. Qxe4 a6 33. Qb4 b5 34. Qc5 Qd5 35. Qa7+ Kg6 36. Qxa6 Kf5 37. Qb7 Ke4 38. Qh7+ Kxe3 39. Qxh6+ Ke2 40. Qh5+ Ke1 41. Qh4+ Ke2 42. Qf2+ Kd3 43. Qf3+ Qxf3 44. gxf3 Ke3 45. h4 c5 46. Kf1 Kd2 47. h5 c4 48. bxc4 bxc4 49. h6 c3 50. h7 c2 51. h8=Q c1=Q+ 52. Kg2 Qe1 53. Qd8+ Kc2 54. Qc7+ Kb2 55. Qc4 Qd2+ 56. Kf1 Qd1+ 57. Kf2 1-0


[Site "https://www.chess.com"]

[Event "Titled Tuesday Blitz March 14 Late 2023"]
[White "Rangel, Daniel"]
[Black "O`Gorman, Tom"]
[WhiteFideId "2124475"]
[BlackFideId "2508249"]
[WhiteElo "2256"]
[BlackElo "2271"]
[Result "0-1"]
[Round "08"]
[TimeControl "180+2"]
[Date "2023.03.14"]
[WhiteClock "0:00:03"]
[BlackClock "0:01:01"]

1. c4 e6 2. g3 d5 3. Bg2 Nf6 4. Nf3 d4 5. O-O c5 6. d3 Nc6 7. e3 Be7 8. exd4 cxd4 9. Bf4 O-O 10. Ne5 Nxe5 11. Bxe5 Qb6 12. Na3 Nd7 13. Bf4 e5 14. Bc1 Nc5 15. Re1 Bf6 16. Nc2 Bf5 17. Bf1 a5 18. Na3 Rfe8 19. Nb5 g6 20. b3 Rad8 21. Ba3 e4 22. Bxc5 Qxc5 23. dxe4 Bxe4 24. Bg2 Bxg2 25. Kxg2 d3 26. Rb1 Rxe1 27. Qxe1 Qc6+ 28. Kg1 Re8 29. Qd2 Qf3 30. Qd1 Re2 31. Qf1 d2 32. Rd1 Qe4 33. Nd6 Qe6 34. Ne8 Qxe8 0-1


[Site "https://www.chess.com"]

[Event "Titled Tuesday Blitz March 14 Late 2023"]
[White "Filgueira, Hernan"]
[Black "Goncalves, Davi Sulzbacher"]
[WhiteFideId "101770"]
[BlackFideId "2154510"]
[WhiteElo "2363"]
[BlackElo "2182"]
[Result "1-0"]
[Round "08"]
[TimeControl "180+2"]
[Date "2023.03.14"]
[WhiteClock "0:01:13"]
[BlackClock "0:00:01"]

1. c4 Nf6 2. Nc3 e5 3. Nf3 Nc6 4. a3 Be7 5. d3 O-O 6. e3 d6 7. Qc2 Bg4 8. Be2 a6 9. h3 Bh5 10. g4 Bg6 11. Nh4 d5 12. Nxg6 fxg6 13. cxd5 Na7 14. Bf3 Nd7 15. Bg2 Nb5 16. Ne4 Nd6 17. Bd2 Nxe4 18. Bxe4 Bh4 19. Rf1 Rxf2 20. Rxf2 Qf6 21. O-O-O Qxf2 22. Qxc7 Nf6 23. Bh1 Rf8 24. d6 Bg5 25. Re1 Bxe3 26. Rxe3 Qg1+ 27. Re1 Qb6 28. Qxb6 1-0


[Site "https://www.chess.com"]

[Event "Titled Tuesday Blitz March 14 Late 2023"]
[White "Chor, Kevin"]
[Black "Garrido Dominguez, Jesus"]
[WhiteFideId "2090740"]
[BlackFideId "2254174"]
[WhiteElo "2614"]
[BlackElo "2385"]
[Result "0-1"]
[Round "08"]
[TimeControl "180+2"]
[Date "2023.03.14"]
[WhiteClock "0:00:18"]
[BlackClock "0:00:46"]

1. Nf3 d6 2. e4 Nf6 3. Nc3 e5 4. d4 Nbd7 5. Bc4 Be7 6. O-O O-O 7. Qe2 c6 8. Rd1 exd4 9. Nxd4 Nc5 10. e5 Ng4 11. e6 Ne5 12. exf7+ Kh8 13. Bf4 Nxc4 14. Qxc4 d5 15. Qe2 Rxf7 16. Bg3 Bf6 17. Nb3 Nxb3 18. axb3 Qf8 19. Na4 Bf5 20. Re1 Re7 21. Qd2 Rxe1+ 22. Rxe1 Re8 23. Bd6 Qf7 24. c3 h6 25. h3 Rxe1+ 26. Qxe1 Bc2 27. Nc5 b6 28. Qd2 Qg6 29. Nd7 Bxb3 30. Nxf6 Qxf6 31. Bg3 c5 32. Qe3 d4 33. Qe8+ Bg8 34. Be5 Qe6 35. Qxe6 Bxe6 36. cxd4 c4 37. Kf1 Bd5 38. g3 b5 39. Ke2 b4 40. Bd6 a5 41. Kd2 Kg8 42. Bc7 a4 43. Bd6 c3+ 44. bxc3 a3 45. Kc1 a2 46. Kb2 bxc3+ 47. Ka1 c2 48. Bf4 Kf7 49. h4 Ke6 50. Be3 Bb3 51. Kb2 Kd5 52. Ka1 Ke4 53. Kb2 Kd3 54. Ka1 h5 55. Kb2 Ke2 56. Ka1 Kd1 57. Kb2 Bd5 58. Bf4 a1=Q+ 59. Kxa1 c1=Q+ 60. Bxc1 Kxc1 0-1


[Site "https://www.chess.com"]

[Event "Titled Tuesday Blitz March 14 Late 2023"]
[White "Di Berardino, Diego Rafael"]
[Black "Liu, Casper"]
[WhiteFideId "2105446"]
[BlackFideId "1454153"]
[WhiteElo "2432"]
[BlackElo "2221"]
[Result "1-0"]
[Round "08"]
[TimeControl "180+2"]
[Date "2023.03.14"]
[WhiteClock "0:00:13"]
[BlackClock "0:00:02"]

1. e4 c5 2. Nf3 e6 3. c3 d5 4. exd5 exd5 5. d4 Nf6 6. Bb5+ Nc6 7. O-O Be7 8. dxc5 O-O 9. Re1 Bg4 10. Be3 Ne4 11. Nbd2 f5 12. Be2 Kh8 13. Nd4 Bxe2 14. Qxe2 Qe8 15. Ne6 Qg6 16. Nxf8 Rxf8 17. f3 Nxc5 18. Nb3 Ne6 19. Qd2 Rd8 20. Nd4 Ne5 21. Kh1 Nc4 22. Qc2 Nc5 23. Qxf5 Nd3 24. Qxg6 hxg6 25. Re2 Ncxb2 26. Rb1 Ba3 27. Nb5 Nc4 28. Nxa3 Nxa3 29. Rxb7 Re8 30. h3 Nc4 31. Rxa7 Nxe3 32. Kg1 Re6 33. a4 Nf4 34. Re1 Nfxg2 35. Re2 Nf4 36. Rd2 Nxh3+ 37. Kh2 Nf4 38. Kg3 Nf1+ 39. Kxf4 Nxd2 40. a5 Nc4 41. a6 Kh7 42. Ra8 Nb6 43. Rb8 Nd7 44. a7 Rf6+ 45. Kg3 Nb6 46. Rxb6 Rf8 47. Rb8 1-0


[Site "https://www.chess.com"]

[Event "Titled Tuesday Blitz March 14 Late 2023"]
[White "Szente Varga, Fruzsina"]
[Black "Koellner, Ruben Gideon"]
[WhiteFideId "712264"]
[BlackFideId "12993093"]
[WhiteElo "1994"]
[BlackElo "2303"]
[Result "1-0"]
[Round "08"]
[TimeControl "180+2"]
[Date "2023.03.14"]
[WhiteClock "0:00:30"]
[BlackClock "0:00:06"]

1. e4 d6 2. d4 Nf6 3. Nc3 e5 4. Nf3 Nbd7 5. Bc4 Be7 6. d5 O-O 7. Be3 Ng4 8. Qd2 Nxe3 9. Qxe3 f5 10. O-O-O Nc5 11. Kb1 fxe4 12. Nxe4 Nxe4 13. Qxe4 Rf4 14. Qe2 Bg4 15. Bd3 Bf6 16. Be4 Qd7 17. h3 Bf5 18. Nd2 Bxe4 19. Nxe4 Qf5 20. f3 Rf8 21. Rd3 a5 22. g3 Rxe4 23. fxe4 Qd7 24. Rf3 c5 25. g4 h6 26. Rf5 Qe7 27. Qf2 g6 28. Rf3 Kg7 29. Rf1 Bh4 30. Qe2 Rxf3 31. Qxf3 b5 32. Qe2 Qd7 33. a4 bxa4 34. Qa6 a3 35. bxa3 Qc7 36. Ka2 Bg5 37. Rb1 Qd8 38. Rb7+ Be7 39. Qa7 Kf7 40. Rb8 Qd7 41. Qxd7 1-0


[Site "https://www.chess.com"]

[Event "Titled Tuesday Blitz March 14 Late 2023"]
[White "Fiorito, Joaquin"]
[Black "Wang, Alexander J"]
[WhiteFideId "180173"]
[BlackFideId "30955270"]
[WhiteElo "2157"]
[BlackElo "2256"]
[Result "1-0"]
[Round "08"]
[TimeControl "180+2"]
[Date "2023.03.14"]
[WhiteClock "0:02:10"]
[BlackClock "0:01:53"]

1. d4 d5 2. Nc3 c5 3. e4 dxe4 4. Bf4 Nf6 5. dxc5 Qxd1+ 6. Rxd1 e6 7. Nb5 Na6 8. b4 Bd7 9. a3 Nd5 10. Bd6 Be7 11. c4 Bxb5 12. cxb5 Nc3 13. bxa6 Nxd1 14. axb7 1-0


[Site "https://www.chess.com"]

[Event "Titled Tuesday Blitz March 14 Late 2023"]
[White "Gubajdullin, Alexei"]
[Black "Harish, Neeraj"]
[WhiteFideId "4141202"]
[BlackFideId "30958130"]
[WhiteElo "2267"]
[BlackElo "1963"]
[Result "1-0"]
[Round "08"]
[TimeControl "180+2"]
[Date "2023.03.14"]
[WhiteClock "0:01:59"]
[BlackClock "0:01:45"]

1. d4 d5 2. Nf3 Nf6 3. Bf4 c5 4. e3 Nc6 5. Nbd2 Qb6 6. dxc5 Qxb2 7. Qc1 Qc3 8. Bb5 Qxc5 9. Nd4 e5 10. Bxe5 Be7 11. N2b3 Qb6 12. a4 O-O 13. a5 Nxa5 14. Nxa5 Bb4+ 15. c3 Bxa5 16. Bxf6 gxf6 17. Qa3 a6 18. Qxa5 Qc5 19. Bd3 Qxa5 20. Rxa5 b6 21. Rxd5 a5 22. Kd2 a4 23. Ra1 1-0


[Site "https://www.chess.com"]

[Event "Titled Tuesday Blitz March 14 Late 2023"]
[White "Omelja, Artem"]
[Black "Yuan, Qingyu"]
[WhiteFideId "14119846"]
[BlackFideId "8609772"]
[WhiteElo "2404"]
[BlackElo "2359"]
[Result "0-1"]
[Round "08"]
[TimeControl "180+2"]
[Date "2023.03.14"]
[WhiteClock "0:00:05"]
[BlackClock "0:00:05"]

1. e4 e5 2. Nf3 Nc6 3. d4 exd4 4. Nxd4 Nf6 5. Nc3 Bb4 6. Nxc6 bxc6 7. Bd3 O-O 8. O-O d5 9. exd5 Bg4 10. f3 Bh5 11. Bg5 Qd6 12. Bxf6 Qxf6 13. dxc6 Bxc3 14. bxc3 Qxc3 15. Be4 Bg6 16. Bxg6 hxg6 17. Qd7 Rac8 18. Qd3 Qxc6 19. Rad1 Rfe8 20. Rfe1 Qc5+ 21. Kf1 Rb8 22. Rxe8+ Rxe8 23. c3 g5 24. Qd4 Qb5+ 25. Qd3 Qb6 26. g3 Re3 27. Qd8+ Kh7 28. Qd5 Qf6 29. Kf2 Rxc3 30. Qe4+ g6 31. Rd2 Kg7 32. Kg2 a5 33. Rf2 Ra3 34. Qc4 Rc3 35. Qb5 Qb6 36. Qe5+ Qf6 37. Qxa5 c5 38. Qb5 c4 39. a4 Qd4 40. Qxg5 Ra3 41. Qd2 Qc5 42. Qb2+ c3 43. Qb5 Qd4 44. a5 Ra1 45. a6 Rd1 46. Qb3 Rd2 47. Rxd2 Qxd2+ 48. Kh3 c2 49. a7 c1=Q 50. a8=Q Qf1+ 51. Kg4 Qd4+ 52. f4 f5+ 53. Kg5 Qf6# 0-1


[Site "https://www.chess.com"]

[Event "Titled Tuesday Blitz March 14 Late 2023"]
[White "Trakru, Rohun"]
[Black "Harvey, Marcus R"]
[WhiteFideId "2097613"]
[BlackFideId "400092"]
[WhiteElo "1852"]
[BlackElo "2457"]
[Result "0-1"]
[Round "08"]
[TimeControl "180+2"]
[Date "2023.03.14"]
[WhiteClock "0:00:48"]
[BlackClock "0:02:14"]

1. e4 c5 2. Nc3 d6 3. d4 cxd4 4. Qxd4 Nc6 5. Qd2 g6 6. b3 Bh6 7. f4 Nf6 8. Bb2 O-O 9. O-O-O e5 10. Qxd6 Bxf4+ 11. Kb1 Bg4 12. Be2 Nd4 13. Rxd4 exd4 14. Qxf4 dxc3 15. Bxc3 Bxe2 16. Bxf6 Qd1+ 17. Kb2 Rfc8 18. c4 Rc6 19. Bc3 Bd3 0-1


[Site "https://www.chess.com"]

[Event "Titled Tuesday Blitz March 14 Late 2023"]
[White "Jovic, Stanoje"]
[Black "Bilych, Olexiy"]
[WhiteFideId "905020"]
[BlackFideId "14156504"]
[WhiteElo "2236"]
[BlackElo "2320"]
[Result "0-1"]
[Round "08"]
[TimeControl "180+2"]
[Date "2023.03.14"]
[WhiteClock "0:00:33"]
[BlackClock "0:01:46"]

1. c4 e6 2. g3 d5 3. Bg2 Nf6 4. Nf3 Be7 5. O-O O-O 6. b3 b6 7. Bb2 Bb7 8. d3 c5 9. cxd5 Nxd5 10. Nbd2 Nc6 11. Rc1 Rc8 12. Qc2 Bf6 13. Ne4 Bxb2 14. Qxb2 Qe7 15. a3 Rfd8 16. h4 h6 17. Rc2 f5 18. Nc3 Nf6 19. Rfc1 Ng4 20. Nb5 a6 21. Nc3 Rc7 22. Na4 Nd4 23. Nxd4 Bxg2 24. Kxg2 Rxd4 25. Nxb6 f4 26. Qxd4 cxd4 27. Rxc7 Qxa3 28. Nc4 Qxc1 29. Rc8+ Kh7 30. Nd6 Qd2 31. Kf3 fxg3 32. fxg3 Nh2+ 33. Kg2 Qxe2+ 34. Kh3 Nf3 35. Nf7 Ng1# 0-1


[Site "https://www.chess.com"]

[Event "Titled Tuesday Blitz March 14 Late 2023"]
[White "Popov, Mikhail"]
[Black "Fus, Jakub"]
[WhiteFideId "4146182"]
[BlackFideId "1193023"]
[WhiteElo "2270"]
[BlackElo "2335"]
[Result "0-1"]
[Round "08"]
[TimeControl "180+2"]
[Date "2023.03.14"]
[WhiteClock "0:00:02"]
[BlackClock "0:00:50"]

1. c4 Nf6 2. g3 e6 3. Bg2 d5 4. Nf3 Be7 5. O-O O-O 6. Qc2 dxc4 7. Qxc4 a6 8. a4 b5 9. Qc2 Bb7 10. axb5 axb5 11. Rxa8 Bxa8 12. d4 Nbd7 13. Nc3 b4 14. Na4 Be4 15. Qd1 Qa8 16. b3 Rd8 17. Bd2 c5 18. dxc5 Nxc5 19. Nxc5 Bxc5 20. Qc1 Qd5 21. Bg5 Be7 22. Qb2 h6 23. Bf4 Ng4 24. h3 Bf6 25. Qc1 Ne5 26. Bxe5 Bxe5 27. Qe3 Bc3 28. Rc1 Bxf3 29. Qxf3 Qxb3 30. Qe4 Rd1+ 31. Rxd1 Qxd1+ 32. Kh2 g6 33. Qc4 Qe1 34. Qc8+ Kg7 35. Qc5 Qxe2 36. Qb6 h5 37. h4 Be1 38. Kg1 b3 39. Qxb3 Qxf2+ 40. Kh2 Qf6 41. Qd1 Bc3 42. Qd3 Be5 43. Kg1 Qe7 44. Qe3 Qc7 45. Kh2 Bf6 46. Kh3 Qc2 47. Qf3 Qd2 48. Qe4 g5 49. Qf3 g4+ 0-1


[Site "https://www.chess.com"]

[Event "Titled Tuesday Blitz March 14 Late 2023"]
[White "Hajiyev, Kanan"]
[Black "Piesik, Piotr"]
[WhiteFideId "13404148"]
[BlackFideId "1136194"]
[WhiteElo "2103"]
[BlackElo "2311"]
[Result "1/2-1/2"]
[Round "08"]
[TimeControl "180+2"]
[Date "2023.03.14"]
[WhiteClock "0:00:12"]
[BlackClock "0:00:11"]

1. d4 c5 2. e3 Nf6 3. Nf3 d5 4. Be2 Bg4 5. h3 Bxf3 6. Bxf3 e6 7. O-O Nc6 8. dxc5 Bxc5 9. c4 dxc4 10. Qa4 Qb6 11. Bxc6+ Qxc6 12. Qxc6+ bxc6 13. Nd2 c3 14. Nb3 cxb2 15. Bxb2 Be7 16. Rac1 Rc8 17. Bd4 a6 18. Rc4 Nd5 19. Bxg7 Rg8 20. Bd4 f5 21. Rfc1 Kd7 22. Ra4 Ra8 23. Rac4 Rgc8 24. Na5 c5 25. Bxc5 Bxc5 26. Rxc5 Rxc5 27. Rxc5 Rb8 28. Rc2 h5 29. Nc6 Rb1+ 30. Kh2 Kd6 31. Nd4 Rb6 32. Kg3 Nf6 33. Kh4 a5 34. Rd2 Ke7 35. a4 Rb4 36. g4 Rxa4 37. g5 Ne4 38. Rb2 e5 39. Nxf5+ Ke6 40. Ng7+ Kf7 41. Nxh5 Nxf2+ 42. Kg3 Ne4+ 43. Kg4 Nf6+ 44. Kf5 Nxh5 45. Rb7+ Kf8 46. Kg6 Ng3 47. Kf6 Ne4+ 48. Kxe5 Nxg5 49. Kf6 Ne4+ 50. Ke5 Nc5 51. Ra7 Ke8 52. h4 Nd7+ 53. Kd6 Nf6 54. Ke6 Re4+ 55. Kxf6 Rxe3 56. Rxa5 Rh3 57. h5 Rf3+ 58. Kg6 Rg3+ 59. Kh7 Kf7 60. h6 Rg1 61. Ra7+ Kf8 62. Ra6 Kf7 63. Ra7+ Kf8 64. Ra8+ Kf7 65. Ra5 Rf1 66. Rg5 Kf8 67. Rg7 Rf2 68. Rg6 Kf7 69. Rg8 Rf1 70. Rg7+ Kf8 71. Rg4 Kf7 72. Rh4 Rg1 73. Rf4+ Ke7 74. Re4+ Kf7 75. Rf4+ Ke7 76. Rf3 Rg2 77. Kh8 Rg1 78. h7 Rg2 79. Re3+ Kf7 80. Rf3+ Ke7 81. Rb3 Kf7 82. Rb7+ Kf8 83. Rb8+ Kf7 84. Rg8 Rh2 85. Rg5 Rh1 86. Rg4 Rh2 87. Rg1 Rh3 88. Rf1+ Ke7 89. Kg8 Rg3+ 90. Kh8 Rh3 91. Rf4 Rg3 92. Rf5 Ke6 93. Rf4 Ke7 94. Re4+ Kf7 95. Rf4+ Ke7 1/2-1/2


[Site "https://www.chess.com"]

[Event "Titled Tuesday Blitz March 14 Late 2023"]
[White "Dzierzak, Radoslaw"]
[Black "Klose, Eli"]
[WhiteFideId "1161407"]
[BlackFideId "16242955"]
[WhiteElo "2166"]
[BlackElo "2616"]
[Result "0-1"]
[Round "08"]
[TimeControl "180+2"]
[Date "2023.03.14"]
[WhiteClock "0:00:56"]
[BlackClock "0:02:25"]

1. e4 e6 2. Nf3 d5 3. Nc3 d4 4. Ne2 c5 5. c3 dxc3 6. bxc3 Nf6 7. Ng3 Nc6 8. d4 cxd4 9. cxd4 Bb4+ 10. Bd2 Qa5 11. Bxb4 Qxb4+ 12. Qd2 Qxd2+ 13. Kxd2 Ke7 14. h3 Rd8 15. Ke3 b6 16. Bb5 Na5 17. Rac1 a6 18. Be2 b5 19. Ne5 Bb7 20. Rc7+ Nd7 21. Rhc1 f6 22. Nd3 Nc4+ 23. Kf3 Rac8 24. Rxc8 Rxc8 25. Nc5 Nxc5 26. Bxc4 Nxe4 27. Nxe4 Rxc4 28. Rxc4 bxc4 29. Ke3 Bxe4 30. Kxe4 Kd6 31. g4 g6 32. f4 f5+ 33. gxf5 exf5+ 34. Ke3 Kd5 0-1


[Site "https://www.chess.com"]

[Event "Titled Tuesday Blitz March 14 Late 2023"]
[White "Dinu, Dumitru-Daniel"]
[Black "Reprintsev, Alexander"]
[WhiteFideId "1208403"]
[BlackFideId "14100541"]
[WhiteElo "2240"]
[BlackElo "2229"]
[Result "1-0"]
[Round "08"]
[TimeControl "180+2"]
[Date "2023.03.14"]
[WhiteClock "0:00:28"]
[BlackClock "0:01:02"]

1. e4 d5 2. exd5 Qxd5 3. Nc3 Qa5 4. d4 Nf6 5. Bc4 Bg4 6. Ne2 Nc6 7. h3 Bxe2 8. Bxe2 O-O-O 9. Be3 e5 10. d5 Nxd5 11. Bd2 Nxc3 12. bxc3 Be7 13. Rb1 a6 14. O-O Qd5 15. Bd3 e4 16. c4 Qd7 17. Bxe4 Qxd2 18. Qg4+ f5 19. Bxf5+ Kb8 20. Be4 Na5 21. Qf5 Qg5 22. Qf3 Rhf8 23. Qc3 Qf6 24. Qxa5 c6 25. Qxa6 Rd7 26. Bxc6 Bd6 27. Rxb7+ Kc8 28. Qa8+ 1-0


[Site "https://www.chess.com"]

[Event "Titled Tuesday Blitz March 14 Late 2023"]
[White "TimGrutter03"]
[Black "Romkachess"]
[WhiteElo "2511"]
[BlackElo "2563"]
[Result "1-0"]
[Round "08"]
[TimeControl "180+2"]
[Date "2023.03.14"]
[WhiteClock "0:01:15"]
[BlackClock "0:00:11"]

1. e4 c5 2. Nf3 d6 3. d4 cxd4 4. Nxd4 Nf6 5. Nc3 a6 6. h4 Nc6 7. Nxc6 bxc6 8. e5 dxe5 9. Qxd8+ Kxd8 10. Na4 Kc7 11. Be3 Nd5 12. Bc5 e6 13. O-O-O Bxc5 14. Nxc5 Kb6 15. Na4+ Kc7 16. c4 Nb6 17. Nc5 Nd7 18. Ne4 f6 19. Be2 c5 20. Bf3 Bb7 21. Rxd7+ Kxd7 22. Nxc5+ Kc7 23. Bxb7 Ra7 24. Bf3 Kd6 25. Ne4+ Ke7 26. Rd1 f5 27. Nc3 e4 28. Be2 Rd7 29. Rxd7+ Kxd7 30. b4 Kd6 31. c5+ Ke5 32. Bxa6 Kd4 33. c6 Kxc3 34. c7 Kxb4 35. c8=Q Rxc8+ 36. Bxc8 f4 37. Bxe6 h6 38. h5 e3 39. fxe3 fxe3 40. Kd1 1-0


[Site "https://www.chess.com"]

[Event "Titled Tuesday Blitz March 14 Late 2023"]
[White "Jaskolka, Tomasz"]
[Black "Fernandez, Maria Florencia"]
[WhiteFideId "1170791"]
[BlackFideId "116459"]
[WhiteElo "2155"]
[BlackElo "2155"]
[Result "1-0"]
[Round "08"]
[TimeControl "180+2"]
[Date "2023.03.14"]
[WhiteClock "0:01:13"]
[BlackClock "0:00:54"]

1. d4 d6 2. Nc3 Nf6 3. e4 g6 4. Bf4 Bg7 5. Qd2 c6 6. O-O-O b5 7. f3 b4 8. Nce2 a5 9. Kb1 Nbd7 10. Bh6 Bxh6 11. Qxh6 Qc7 12. Nh3 c5 13. Ng5 c4 14. Qg7 Rf8 15. Nf4 Nb6 16. e5 dxe5 17. dxe5 Qxe5 18. Nxh7 Nxh7 19. Qxe5 Nf6 20. Bxc4 Nfd7 21. Qb5 Ba6 22. Qxa6 Rxa6 23. Bxa6 e5 24. Nd5 f5 25. Bb5 Kf7 26. Bxd7 Nxd7 27. Nxb4 Nc5 28. Rd5 Ne6 29. Rxa5 Rb8 30. Nc6 Rb6 31. Nxe5+ Kf6 32. Nd7+ 1-0


[Site "https://www.chess.com"]

[Event "Titled Tuesday Blitz March 14 Late 2023"]
[White "marik_spb"]
[Black "Janaszak, Dawid"]
[BlackFideId "1119206"]
[WhiteElo "2416"]
[BlackElo "2220"]
[Result "0-1"]
[Round "08"]
[TimeControl "180+2"]
[Date "2023.03.14"]
[WhiteClock "0:00:02"]
[BlackClock "0:00:17"]

1. d4 Nf6 2. c4 g6 3. Nf3 Bg7 4. g3 O-O 5. Bg2 c5 6. O-O d6 7. Nc3 Nc6 8. dxc5 dxc5 9. Be3 Qa5 10. Qa4 Ng4 11. Qxa5 Nxa5 12. Bxc5 Nxc4 13. h3 Nxb2 14. Rac1 Nf6 15. Bxe7 Re8 16. Bc5 Be6 17. Nb5 Bh6 18. Rc2 Na4 19. Nc7 Nxc5 20. Nxe8 Rxe8 21. Rxc5 Bxa2 22. Ra5 Bc4 23. Rxa7 Bxe2 24. Rb1 Ba6 25. Nd4 Ne4 26. Nb5 Nxf2 27. Nc7 Re2 28. Nxa6 bxa6 29. Rxa6 Be3 30. Kf1 Rd2 31. Ra3 Nd3 32. Rxd3 Rxd3 33. Ke2 Rc3 34. Bd5 Kf8 35. Rb7 f5 36. Rxh7 Bg5 37. Rf7+ Ke8 38. Rg7 Rxg3 39. Rxg6 f4 0-1


[Site "https://www.chess.com"]

[Event "Titled Tuesday Blitz March 14 Late 2023"]
[White "Karas, Marek"]
[Black "Gatterer, Florian"]
[WhiteFideId "14928558"]
[BlackFideId "811688"]
[WhiteElo "2233"]
[BlackElo "2221"]
[Result "1/2-1/2"]
[Round "08"]
[TimeControl "180+2"]
[Date "2023.03.14"]
[WhiteClock "0:00:14"]
[BlackClock "0:00:16"]

1. Nf3 d5 2. g3 c5 3. Bg2 Nf6 4. O-O Nc6 5. d4 e6 6. c4 dxc4 7. dxc5 Qxd1 8. Rxd1 Bxc5 9. Nbd2 c3 10. bxc3 O-O 11. Nb3 Be7 12. Bf4 Nd5 13. c4 Nxf4 14. gxf4 a5 15. e3 a4 16. Nbd4 Bd7 17. Rab1 Rab8 18. Nxc6 Bxc6 19. Ne5 Bxg2 20. Kxg2 Rfc8 21. Rd7 Bf6 22. Rbxb7 Rxb7 23. Rxb7 Bxe5 24. fxe5 g5 25. Rb4 a3 26. Kf3 Kg7 27. Ke4 Kg6 28. f4 h6 29. Ra4 g4 30. Kd3 Rd8+ 31. Kc2 Kf5 32. Rxa3 Ke4 33. Ra7 Rf8 34. Kd2 h5 35. Ke2 h4 36. c5 Rb8 37. Ra4+ Kd5 38. Rd4+ Kxc5 39. Rd2 Rb4 40. Kf2 Ra4 41. Kg2 Ra3 42. Kf2 Kc6 43. Rb2 Kc5 44. Ke2 Kd5 45. Rd2+ Ke4 46. Rd4+ Kf5 47. Rd2 Ke4 48. Rd4+ Kf5 49. Rd2 Ke4 1/2-1/2


[Site "https://www.chess.com"]

[Event "Titled Tuesday Blitz March 14 Late 2023"]
[White "Mazurkiewicz, Michal"]
[Black "Tagliati, Eleonore"]
[WhiteFideId "1124943"]
[BlackFideId "45172234"]
[WhiteElo "2054"]
[BlackElo "2249"]
[Result "1-0"]
[Round "08"]
[TimeControl "180+2"]
[Date "2023.03.14"]
[WhiteClock "0:00:39"]
[BlackClock "0:00:03"]

1. e4 c5 2. Nf3 Nc6 3. g3 e5 4. Bg2 g6 5. O-O Bg7 6. d3 Nge7 7. Nc3 O-O 8. Nd2 d6 9. Nc4 Rb8 10. a4 Be6 11. Nd5 Bxd5 12. exd5 Nb4 13. Ne3 f5 14. c3 Na6 15. f4 exf4 16. gxf4 Nc7 17. Bd2 Qe8 18. Qb3 Qf7 19. Nc4 Rfd8 20. Ne3 b6 21. Kh1 a6 22. c4 Bd4 23. Nc2 Bg7 24. Bc3 Bxc3 25. Qxc3 Qg7 26. Qxg7+ Kxg7 27. d4 Kf6 28. Rfe1 Re8 29. a5 bxa5 30. dxc5 Nc8 31. cxd6 Nxd6 32. c5 Ne4 33. Bxe4 fxe4 34. d6 Ne6 35. c6 Rb6 36. d7 Rd8 37. Nd4 Rf8 38. Nxe6 Kxe6 39. Rxe4+ Kd6 40. Re8 Rb8 41. Rd1+ Kc7 42. Rde1 Rd8 43. Rxf8 Rxf8 44. Re8 1-0


[Site "https://www.chess.com"]